Pick #1

Connor Bedard
Pick #2

Leo Carlsson
Pick #3

Adam Fantilli
Pick #4

Matvei Michkov
Pick #5

David Reinbacher
Pick #6

William Smith
Pick #7

Zachary Benson
Pick #8

Ryan Leonard
Pick #9

Gabriel Perreault
Pick #10

Axel Sandin-Pellika
Pick #11

Daniil But
Pick #12

Dalibor Dvorsky
Pick #13

Quentin Musty
Pick #14

Brayden Yager
Pick #15

Dmitry Simashev
Pick #16

Colby Barlow
Pick #17

Andrew Cristall
Pick #18

Easton Cowan
Pick #19

Jacob Fowler
Pick #20

Oliver Moore
Pick #21

Oliver Bonk
Pick #22

Tom Willander
Pick #23

Calum Ritchie
Pick #24

Tanner Molendyk
Pick #25

Gavin Brindley
Pick #26

Nate Danielson
Pick #27

Pick #28

Pick #29

Pick #30

Pick #31

Pick #32

Pick #33

Pick #34

Pick #35

Pick #36

Pick #37

Pick #38

Pick #39

Pick #40

Pick #41

Pick #42

Pick #43

Pick #44

Pick #45

Pick #46

Pick #47

Pick #48

Pick #49

Pick #50

Pick #51

Pick #52

Pick #53

Pick #54

Pick #55

Pick #56

Pick #57

Pick #58

Pick #59

Pick #60

Pick #61

Pick #62

Pick #63

Pick #64

Pick #65

Pick #66

Pick #67

Pick #68

Pick #69

Pick #70

Pick #71

Pick #72

Pick #73

Pick #74

Pick #75

Pick #76

Pick #77

Pick #78

Pick #79

Pick #80

Pick #81

Pick #82

Pick #83

Pick #84

Pick #85

Pick #86

Pick #87

Pick #88

Pick #89

Pick #90

Pick #91

Pick #92

Pick #93

Pick #94

Pick #95

Pick #96

Pick #97

Pick #98

Pick #99

Pick #100

Pick #101

Pick #102

Pick #103

Pick #104

Pick #105

Pick #106

Pick #107

Pick #108

Pick #109

Pick #110

Pick #111

Pick #112

Pick #113

Pick #114

Pick #115

Pick #116

Pick #117

Pick #118

Pick #119

Pick #120

Pick #121

Pick #122

Pick #123

Pick #124

Pick #125

Pick #126

Pick #127

Pick #128

Pick #129

Pick #130

Full Scoreboard »»

Canadiens vs Capitals

Created - February 21, 2024 at 01:31

Goals
1 2 3 T
Canadiens 4 2 2 8
Capitals 0 0 1 1
Shots
1 2 3 T
Canadiens 11 17 9 37
Capitals 11 12 14 37

GoalsPenalties
1st period
1. Canadiens , Valeri Nichushkin 14 (Ryan O'Reilly 29) at 2:07 (PP)
2. Canadiens , Brendan Gallagher 4 (Pierre-Olivier Joseph 7, Brendan Gaunce 2) at 6:23
3. Canadiens , Valeri Nichushkin 15 (Ivan Provorov 20, Jaccob Slavin 27) at 11:21
4. Canadiens , Leon Draisaitl 23 (Teuvo Teravainen 19, Trevor van Riemsdyk 10) at 12:54
Quinton Byfield (WSH) for Goalie Interference (Minor) at 2:01
2nd period
5. Canadiens , Filip Forsberg 24 (Ivan Provorov 21, Valeri Nichushkin 30) at 3:57 (PP)
6. Canadiens , Alexander Kerfoot 5 (Lars Eller 15) at 19:04
Pavel Zacha (WSH) for High sticking (Double Minor) at 1:21
Daniel Sprong (MTL) for Roughing (Minor) at 19:31
3rd period
7. Canadiens , Ryan O'Reilly 16 (Ryan Suter 19, Valeri Nichushkin 31) at 9:41
8. Canadiens , Filip Forsberg 25 (Pierre-Olivier Joseph 8) at 14:28
9. Capitals , Kaapo Kakko 13 (David Kampf 9, Cody Ceci 17) at 18:44
Alex Goligoski (MTL) for Holding Stick (Minor) at 11:35
Goalie Stats
Elvis Merzlikins (MTL), 36 saves from 37 shots - (0.973), W, 10-12-2, 60:00 minutes
Joonas Korpisalo (WSH), 25 saves from 29 shots - (0.862), 47:06 minutes
Pyotr Kochetkov (WSH), 4 saves from 8 shots - (0.500), L, 7-23-3, 12:54 minutes
3 StarsOfficial
1 - Valeri Nichushkin (MTL)
2 - Filip Forsberg (MTL)
3 - Elvis Merzlikins (MTL)
Referees : Jean Hebert and Stephen Hiff
Linesman : Libor Suchanek and Steven Walsh
Game Note
Joonas Korpisalo enters game at 12:54 of 1st period
Finance
Level 1 -- Attendance: 2231 (34.32%) -- Ticket Income $557,750
Level 2 -- Attendance: 1802 (36.04%) -- Ticket Income $360,400
Level 3 -- Attendance: 1136 (32.46%) -- Ticket Income $198,800
Level 4 -- Attendance: 741 (29.57%) -- Ticket Income $111,150
Luxury Box -- Attendance: 464 (46.40%) -- Ticket Income $185,600
Game was played at the Verizon Center.
Total Attendance: 6374 (34.44%)
Total Ticket Income: $1,413,700
Other Income: $353,425
Total Income: $1,767,125



Team Name Goals Shots Shots Attemp Shots Blocked PIM HIT PP PK FO%
Canadiens 8376394252 / 3 (67%)052%
Capitals 1376886160 / 2 (0%)248%

Canadiens
Player Name POS G A P +/- PIM HIT SHT SB MP PP MP PP SHT PK MP PK SHT FO% FOT
Alex GoligoskiD0002220117:501:3200:5300% 0
Alexander KerfootC1011002016:220:0002:47038% 8
Anthony ManthaRW000100207:070:0000:0000% 1
Artturi LehkonenLW0001011018:241:2600:5700% 2
Brendan GallagherRW101100107:070:0000:000100% 1
Brendan GaunceC011100007:070:0000:00054% 13
Daniel SprongRW0001202013:340:0000:00050% 2
Filip ForsbergLW2022055017:531:1620:000100% 2
Ivan ProvorovD0220011225:261:1012:2900% 0
Jaccob SlavinD0110012125:071:1002:1500% 0
Lars EllerC0111052014:320:0000:57050% 18
Leon DraisaitlC1011017017:271:2600:00064% 22
Pierre-Olivier JosephD0223001111:470:0000:0000% 0
Ryan O'ReillyC1122001018:161:1600:23050% 20
Ryan SuterD0112070123:371:3202:1900% 0
Teuvo TeravainenLW0111005017:271:2610:0000% 2
Trevor van RiemsdykD0113010216:120:0000:0000% 0
Valeri NichushkinRW2242015120:451:1622:520100% 1
Capitals
Player Name POS G A P +/- PIM HIT SHT SB MP PP MP PP SHT PK MP PK SHT FO% FOT
Alex ChiassonRW0000014010:510:0000:0000% 1
Alex NylanderLW000-1016017:341:2701:0100% 0
Ben HuttonD000-2010119:401:2701:2700% 0
Brad HuntD000-1011226:182:3111:1500% 0
Calen AddisonD000-2020114:020:0000:0000% 0
Cody CeciD011-1013026:182:3121:1500% 0
David KampfC011-1012022:140:0000:55050% 2
Jonas SiegenthalerD000-2011019:401:2701:2700% 0
Jordan GreenwayLW000-300006:040:0000:0000% 0
Kaapo KakkoRW101-1003124:592:3101:0900% 4
Kevin LabancRW000-1035016:331:2710:0000% 2
Matias MaccelliLW000-300006:040:0000:000100% 1
Michael RasmussenC0000003111:290:0000:38077% 13
Morgan FrostC0000002010:510:0000:0000% 0
Pavel ZachaC000-1402016:321:2700:00048% 25
Quinton ByfieldC000-3201010:152:3101:41040% 10
Samuel BolducD000-2031214:020:0000:0000% 0
Tyler JohnsonC000-1013023:502:3100:00047% 34



Play-by-Play

1st period


0:01 of 1st period - Tyler Johnson wins face-off versus Leon Draisaitl in neutral zone.
0:03 of 1st period - Cody Ceci is hit by Ivan Provorov and loses puck.
0:15 of 1st period - Artturi Lehkonen is hit by Cody Ceci and loses puck.
0:39 of 1st period - Icing by Leon Draisaitl.
0:40 of 1st period - Leon Draisaitl wins face-off versus Pavel Zacha in Canadiens zone.
1:36 of 1st period - Off-side.
1:37 of 1st period - Michael Rasmussen wins face-off versus Lars Eller in neutral zone.
1:48 of 1st period - Shot by Michael Rasmussen.
1:48 of 1st period - Stopped by Elvis Merzlikins without a rebound.
1:49 of 1st period - Quinton Byfield wins face-off versus Ryan O'Reilly in Canadiens zone.
1:50 of 1st period - Shot by Matias Maccelli.
1:50 of 1st period - Shot Misses the Net.
1:52 of 1st period - Shot by Jordan Greenway.
1:52 of 1st period - Shot Blocked by Ryan Suter.
2:01 of 1st period - Minor Penalty to Quinton Byfield for Goalie Interference.
2:02 of 1st period - Ryan O'Reilly wins face-off versus Kaapo Kakko in Capitals zone.
2:05 of 1st period - Shot by Valeri Nichushkin.
2:05 of 1st period - Stopped by Pyotr Kochetkov with a rebound.
2:07 of 1st period - Shot by Valeri Nichushkin.
2:07 of 1st period - Goal by Valeri Nichushkin - Canadiens : 1 - Capitals : 0.
2:08 of 1st period - Lars Eller wins face-off versus Tyler Johnson in neutral zone.
2:12 of 1st period - Daniel Sprong is hit by Brad Hunt and loses puck.
2:26 of 1st period - Shot by Daniel Sprong.
2:26 of 1st period - Shot Blocked by Brad Hunt.
2:53 of 1st period - Icing by Alexander Kerfoot.
2:54 of 1st period - Lars Eller wins face-off versus Michael Rasmussen in Canadiens zone.
3:39 of 1st period - Off-side.
3:40 of 1st period - Brendan Gaunce wins face-off versus Pavel Zacha in neutral zone.
4:59 of 1st period - Cody Ceci is hit by Filip Forsberg.
5:23 of 1st period - Icing by Kaapo Kakko.
5:24 of 1st period - Tyler Johnson wins face-off versus Lars Eller in Capitals zone.
5:41 of 1st period - Ryan Suter is hit by David Kampf and loses puck.
6:05 of 1st period - Shot by Samuel Bolduc.
6:05 of 1st period - Stopped by Elvis Merzlikins without a rebound.
6:06 of 1st period - Michael Rasmussen wins face-off versus Leon Draisaitl in Canadiens zone.
6:07 of 1st period - Shot by Samuel Bolduc.
6:07 of 1st period - Shot Misses the Net.
6:15 of 1st period - Shot by Artturi Lehkonen.
6:15 of 1st period - Shot Blocked by Calen Addison.
6:19 of 1st period - Shot by Leon Draisaitl.
6:19 of 1st period - Stopped by Pyotr Kochetkov without a rebound.
6:20 of 1st period - Brendan Gaunce wins face-off versus Quinton Byfield in Capitals zone.
6:23 of 1st period - Shot by Brendan Gallagher.
6:23 of 1st period - Goal by Brendan Gallagher - Canadiens : 2 - Capitals : 0.
6:24 of 1st period - Quinton Byfield wins face-off versus Leon Draisaitl in neutral zone.
6:33 of 1st period - Shot by Matias Maccelli.
6:33 of 1st period - Shot Blocked by Ivan Provorov.
6:35 of 1st period - Shot by Quinton Byfield.
6:35 of 1st period - Stopped by Elvis Merzlikins with a rebound.
7:07 of 1st period - Shot by Matias Maccelli.
7:07 of 1st period - Shot Misses the Net.
7:56 of 1st period - Shot by David Kampf.
7:56 of 1st period - Stopped by Elvis Merzlikins without a rebound.
7:57 of 1st period - Pavel Zacha wins face-off versus Ryan O'Reilly in Canadiens zone.
8:01 of 1st period - Icing by Alex Goligoski.
8:02 of 1st period - Pavel Zacha wins face-off versus Ryan O'Reilly in Canadiens zone.
8:15 of 1st period - Shot by Pavel Zacha.
8:15 of 1st period - Deflect By Kevin Labanc.
8:15 of 1st period - Stopped by Elvis Merzlikins with a rebound.
8:29 of 1st period - Shot by Samuel Bolduc.
8:29 of 1st period - Deflect By Alex Nylander.
8:29 of 1st period - Stopped by Elvis Merzlikins without a rebound.
8:30 of 1st period - Brendan Gaunce wins face-off versus Michael Rasmussen in Canadiens zone.
8:53 of 1st period - Shot by Morgan Frost.
8:53 of 1st period - Stopped by Elvis Merzlikins with a rebound.
8:57 of 1st period - Shot by Michael Rasmussen.
8:57 of 1st period - Shot Misses the Net.
8:59 of 1st period - Shot by Michael Rasmussen.
8:59 of 1st period - Stopped by Elvis Merzlikins without a rebound.
9:00 of 1st period - Tyler Johnson wins face-off versus Lars Eller in Canadiens zone.
9:00 of 1st period - David Kampf is hit by Alex Goligoski and loses puck.
9:04 of 1st period - Icing by Ryan Suter.
9:05 of 1st period - Tyler Johnson wins face-off versus Daniel Sprong in Canadiens zone.
9:06 of 1st period - Shot by Kaapo Kakko.
9:06 of 1st period - Shot Misses the Net.
9:13 of 1st period - Lars Eller is hit by Calen Addison and loses puck.
9:16 of 1st period - Shot by Lars Eller.
9:16 of 1st period - Deflect By Daniel Sprong.
9:16 of 1st period - Stopped by Pyotr Kochetkov without a rebound.
9:17 of 1st period - Pavel Zacha wins face-off versus Ryan O'Reilly in Capitals zone.
9:24 of 1st period - Shot by Alex Nylander.
9:24 of 1st period - Shot Misses the Net.
9:51 of 1st period - Icing by Kevin Labanc.
9:52 of 1st period - Lars Eller wins face-off versus Pavel Zacha in Capitals zone.
10:08 of 1st period - Icing by Pavel Zacha.
10:09 of 1st period - Pavel Zacha wins face-off versus Brendan Gaunce in Capitals zone.
10:17 of 1st period - Shot by Alex Nylander.
10:17 of 1st period - Stopped by Elvis Merzlikins without a rebound.
10:18 of 1st period - Tyler Johnson wins face-off versus Lars Eller in Canadiens zone.
10:18 of 1st period - David Kampf is hit by Ryan Suter and loses puck.
10:57 of 1st period - Kaapo Kakko is hit by Lars Eller and loses puck.
11:16 of 1st period - Valeri Nichushkin is hit by Ben Hutton and loses puck.
11:21 of 1st period - Shot by Valeri Nichushkin.
11:21 of 1st period - Goal by Valeri Nichushkin - Canadiens : 3 - Capitals : 0.
11:22 of 1st period - Michael Rasmussen wins face-off versus Brendan Gaunce in neutral zone.
12:31 of 1st period - Shot by Filip Forsberg.
12:31 of 1st period - Stopped by Pyotr Kochetkov without a rebound.
12:32 of 1st period - Leon Draisaitl wins face-off versus Pavel Zacha in Capitals zone.
12:38 of 1st period - Teuvo Teravainen is hit by Samuel Bolduc.
12:54 of 1st period - Shot by Leon Draisaitl.
12:54 of 1st period - Goal by Leon Draisaitl - Canadiens : 4 - Capitals : 0.
12:54 of 1st period - Joonas Korpisalo enters game.
12:55 of 1st period - Tyler Johnson wins face-off versus Ryan O'Reilly in neutral zone.
12:58 of 1st period - Ryan Suter is hit by Tyler Johnson and loses puck.
13:13 of 1st period - Shot by Filip Forsberg.
13:13 of 1st period - Stopped by Joonas Korpisalo with a rebound.
13:16 of 1st period - Icing by Ben Hutton.
13:17 of 1st period - Leon Draisaitl wins face-off versus Tyler Johnson in Capitals zone.
13:46 of 1st period - Teuvo Teravainen is hit by Jonas Siegenthaler and loses puck.
13:53 of 1st period - Shot by Leon Draisaitl.
13:53 of 1st period - Deflect By Teuvo Teravainen.
13:53 of 1st period - Stopped by Joonas Korpisalo without a rebound.
13:54 of 1st period - Ryan O'Reilly wins face-off versus Pavel Zacha in Capitals zone.
14:04 of 1st period - Icing by Cody Ceci.
14:05 of 1st period - Lars Eller wins face-off versus Pavel Zacha in Capitals zone.
14:44 of 1st period - Shot by Alex Nylander.
14:44 of 1st period - Stopped by Elvis Merzlikins without a rebound.
14:45 of 1st period - Ryan O'Reilly wins face-off versus Tyler Johnson in Canadiens zone.
14:52 of 1st period - Shot by Kaapo Kakko.
14:52 of 1st period - Shot Misses the Net.
14:55 of 1st period - Icing by Ryan Suter.
14:56 of 1st period - Ryan O'Reilly wins face-off versus Quinton Byfield in Canadiens zone.
17:39 of 1st period - Michael Rasmussen is hit by Ryan Suter and loses puck.
17:46 of 1st period - Shot by Alex Chiasson.
17:46 of 1st period - Stopped by Elvis Merzlikins without a rebound.
17:47 of 1st period - Filip Forsberg wins face-off versus Pavel Zacha in Canadiens zone.
17:59 of 1st period - Shot by Valeri Nichushkin.
17:59 of 1st period - Stopped by Joonas Korpisalo with a rebound.
18:20 of 1st period - Shot by Ryan O'Reilly.
18:20 of 1st period - Shot Misses the Net.
Goals for this period are 4 for Canadiens vs 0 for Capitals.
Shots for this period are 11 for Canadiens vs 11 for Capitals.

2nd period


0:01 of 2nd period - Brendan Gaunce wins face-off versus David Kampf in neutral zone.
0:31 of 2nd period - Tyler Johnson is hit by Trevor van Riemsdyk and loses puck.
0:57 of 2nd period - Shot by Daniel Sprong.
0:57 of 2nd period - Deflect By Lars Eller.
0:57 of 2nd period - Stopped by Joonas Korpisalo with a rebound.
1:21 of 2nd period - Double Minor Penalty to Pavel Zacha for High sticking.
1:22 of 2nd period - Michael Rasmussen wins face-off versus Teuvo Teravainen in Capitals zone.
1:57 of 2nd period - Shot by Artturi Lehkonen.
1:57 of 2nd period - Shot Misses the Net.
1:59 of 2nd period - Shot by Teuvo Teravainen.
1:59 of 2nd period - Stopped by Joonas Korpisalo without a rebound.
2:00 of 2nd period - Ryan O'Reilly wins face-off versus Kaapo Kakko in Capitals zone.
2:03 of 2nd period - Shot by Filip Forsberg.
2:03 of 2nd period - Stopped by Joonas Korpisalo without a rebound.
2:04 of 2nd period - Ryan O'Reilly wins face-off versus Kaapo Kakko in Capitals zone.
2:21 of 2nd period - Ben Hutton is hit by Filip Forsberg and loses puck.
2:41 of 2nd period - Shot by Ivan Provorov.
2:41 of 2nd period - Stopped by Joonas Korpisalo without a rebound.
2:42 of 2nd period - Quinton Byfield wins face-off versus Teuvo Teravainen in Capitals zone.
2:57 of 2nd period - Shot by David Kampf.
2:57 of 2nd period - Shot Misses the Net.
3:55 of 2nd period - Shot by Ivan Provorov.
3:55 of 2nd period - Shot Misses the Net.
3:57 of 2nd period - Shot by Filip Forsberg.
3:57 of 2nd period - Goal by Filip Forsberg - Canadiens : 5 - Capitals : 0.
3:58 of 2nd period - Michael Rasmussen wins face-off versus Lars Eller in neutral zone.
4:10 of 2nd period - Shot by Morgan Frost.
4:10 of 2nd period - Shot Misses the Net.
4:20 of 2nd period - Shot by Michael Rasmussen.
4:20 of 2nd period - Shot Misses the Net.
4:22 of 2nd period - Shot by Alex Chiasson.
4:22 of 2nd period - Stopped by Elvis Merzlikins without a rebound.
4:23 of 2nd period - Pavel Zacha wins face-off versus Brendan Gaunce in Canadiens zone.
4:42 of 2nd period - Shot by Brendan Gallagher.
4:42 of 2nd period - Deflect By Anthony Mantha.
4:42 of 2nd period - Stopped by Joonas Korpisalo without a rebound.
4:43 of 2nd period - Ryan O'Reilly wins face-off versus Tyler Johnson in Capitals zone.
5:16 of 2nd period - David Kampf is hit by Ryan Suter and loses puck.
5:35 of 2nd period - Cody Ceci is hit by Filip Forsberg and loses puck.
5:50 of 2nd period - Shot by Alex Nylander.
5:50 of 2nd period - Shot Misses the Net.
5:52 of 2nd period - Shot by Kevin Labanc.
5:52 of 2nd period - Stopped by Elvis Merzlikins with a rebound.
5:54 of 2nd period - Shot by Kevin Labanc.
5:54 of 2nd period - Stopped by Elvis Merzlikins without a rebound.
5:55 of 2nd period - Leon Draisaitl wins face-off versus Alex Chiasson in Canadiens zone.
6:17 of 2nd period - Shot by Leon Draisaitl.
6:17 of 2nd period - Stopped by Joonas Korpisalo with a rebound.
6:21 of 2nd period - Shot by Teuvo Teravainen.
6:21 of 2nd period - Shot Blocked by Ben Hutton.
6:27 of 2nd period - Shot by Teuvo Teravainen.
6:27 of 2nd period - Stopped by Joonas Korpisalo with a rebound.
6:29 of 2nd period - Shot by Artturi Lehkonen.
6:29 of 2nd period - Deflect By Leon Draisaitl.
6:29 of 2nd period - Stopped by Joonas Korpisalo without a rebound.
6:30 of 2nd period - Pavel Zacha wins face-off versus Lars Eller in Capitals zone.
6:47 of 2nd period - Kevin Labanc is hit by Lars Eller and loses puck.
6:56 of 2nd period - Shot by Daniel Sprong.
6:56 of 2nd period - Stopped by Joonas Korpisalo without a rebound.
6:57 of 2nd period - Brendan Gallagher wins face-off versus Tyler Johnson in Capitals zone.
6:57 of 2nd period - Brendan Gallagher is hit by Samuel Bolduc.
7:02 of 2nd period - Icing by Calen Addison.
7:03 of 2nd period - Leon Draisaitl wins face-off versus Tyler Johnson in Capitals zone.
7:03 of 2nd period - Leon Draisaitl is hit by Calen Addison.
7:33 of 2nd period - David Kampf is hit by Leon Draisaitl.
8:11 of 2nd period - David Kampf is hit by Ryan Suter and loses puck.
8:36 of 2nd period - Shot by Kevin Labanc.
8:36 of 2nd period - Shot Misses the Net.
8:46 of 2nd period - Shot by Pavel Zacha.
8:46 of 2nd period - Shot Blocked by Alex Goligoski.
9:15 of 2nd period - Alex Chiasson is hit by Ryan Suter and loses puck.
9:38 of 2nd period - Shot by Morgan Frost.
9:38 of 2nd period - Shot Misses the Net.
9:40 of 2nd period - Shot by Jonas Siegenthaler.
9:40 of 2nd period - Stopped by Elvis Merzlikins with a rebound.
9:45 of 2nd period - Alex Chiasson is hit by Alex Goligoski and loses puck.
10:24 of 2nd period - Cody Ceci is hit by Lars Eller and loses puck.
10:46 of 2nd period - Off-side.
10:47 of 2nd period - Leon Draisaitl wins face-off versus Tyler Johnson in neutral zone.
10:57 of 2nd period - Shot by David Kampf.
10:57 of 2nd period - Shot Blocked by Ivan Provorov.
11:03 of 2nd period - Shot by Kaapo Kakko.
11:03 of 2nd period - Stopped by Elvis Merzlikins without a rebound.
11:04 of 2nd period - Pavel Zacha wins face-off versus Brendan Gaunce in Canadiens zone.
11:04 of 2nd period - Pavel Zacha is hit by Jaccob Slavin.
11:42 of 2nd period - Shot by Jaccob Slavin.
11:42 of 2nd period - Stopped by Joonas Korpisalo without a rebound.
11:43 of 2nd period - Leon Draisaitl wins face-off versus Tyler Johnson in Capitals zone.
11:50 of 2nd period - Shot by Leon Draisaitl.
11:50 of 2nd period - Shot Misses the Net.
11:56 of 2nd period - Shot by Leon Draisaitl.
11:56 of 2nd period - Stopped by Joonas Korpisalo with a rebound.
11:58 of 2nd period - Shot by Artturi Lehkonen.
11:58 of 2nd period - Shot Misses the Net.
12:00 of 2nd period - Shot by Teuvo Teravainen.
12:00 of 2nd period - Shot Misses the Net.
12:02 of 2nd period - Shot by Leon Draisaitl.
12:02 of 2nd period - Stopped by Joonas Korpisalo without a rebound.
12:03 of 2nd period - Michael Rasmussen wins face-off versus Lars Eller in Capitals zone.
12:03 of 2nd period - Michael Rasmussen is hit by Lars Eller.
12:39 of 2nd period - Shot by Lars Eller.
12:39 of 2nd period - Stopped by Joonas Korpisalo without a rebound.
12:40 of 2nd period - Leon Draisaitl wins face-off versus Tyler Johnson in Capitals zone.
12:57 of 2nd period - Icing by Artturi Lehkonen.
12:58 of 2nd period - Leon Draisaitl wins face-off versus Kevin Labanc in Canadiens zone.
13:13 of 2nd period - Shot by Alex Nylander.
13:13 of 2nd period - Shot Misses the Net.
13:15 of 2nd period - Shot by Alex Nylander.
13:15 of 2nd period - Stopped by Elvis Merzlikins with a rebound.
13:17 of 2nd period - Shot by Samuel Bolduc.
13:17 of 2nd period - Shot Misses the Net.
13:38 of 2nd period - Shot by Kevin Labanc.
13:38 of 2nd period - Stopped by Elvis Merzlikins without a rebound.
13:39 of 2nd period - Ryan O'Reilly wins face-off versus Tyler Johnson in Canadiens zone.
14:09 of 2nd period - Shot by Kaapo Kakko.
14:09 of 2nd period - Shot Misses the Net.
14:11 of 2nd period - Shot by Tyler Johnson.
14:11 of 2nd period - Stopped by Elvis Merzlikins with a rebound.
14:13 of 2nd period - Shot by Tyler Johnson.
14:13 of 2nd period - Stopped by Elvis Merzlikins with a rebound.
14:15 of 2nd period - Shot by Kaapo Kakko.
14:15 of 2nd period - Shot Blocked by Valeri Nichushkin.
14:57 of 2nd period - Shot by Lars Eller.
14:57 of 2nd period - Shot Misses the Net.
15:11 of 2nd period - Shot by Alexander Kerfoot.
15:11 of 2nd period - Stopped by Joonas Korpisalo without a rebound.
15:12 of 2nd period - Leon Draisaitl wins face-off versus Pavel Zacha in Capitals zone.
15:21 of 2nd period - Shot by Alex Nylander.
15:21 of 2nd period - Stopped by Elvis Merzlikins without a rebound.
15:22 of 2nd period - Brendan Gaunce wins face-off versus Quinton Byfield in Canadiens zone.
15:43 of 2nd period - Shot by Anthony Mantha.
15:43 of 2nd period - Stopped by Joonas Korpisalo without a rebound.
15:44 of 2nd period - David Kampf wins face-off versus Artturi Lehkonen in Capitals zone.
16:26 of 2nd period - Icing by Cody Ceci.
16:27 of 2nd period - Tyler Johnson wins face-off versus Ryan O'Reilly in Capitals zone.
17:44 of 2nd period - Shot by Michael Rasmussen.
17:44 of 2nd period - Stopped by Elvis Merzlikins without a rebound.
17:45 of 2nd period - Daniel Sprong wins face-off versus Quinton Byfield in Canadiens zone.
18:00 of 2nd period - Icing by Jordan Greenway.
18:01 of 2nd period - Quinton Byfield wins face-off versus Leon Draisaitl in Capitals zone.
18:13 of 2nd period - Icing by Pierre-Olivier Joseph.
18:14 of 2nd period - Leon Draisaitl wins face-off versus Tyler Johnson in Canadiens zone.
18:29 of 2nd period - Shot by Leon Draisaitl.
18:29 of 2nd period - Shot Blocked by Brad Hunt.
18:31 of 2nd period - Shot by Artturi Lehkonen.
18:31 of 2nd period - Shot Misses the Net.
18:33 of 2nd period - Shot by Leon Draisaitl.
18:33 of 2nd period - Shot Blocked by Kaapo Kakko.
19:02 of 2nd period - Icing by David Kampf.
19:03 of 2nd period - Lars Eller wins face-off versus Tyler Johnson in Capitals zone.
19:04 of 2nd period - Shot by Alexander Kerfoot.
19:04 of 2nd period - Goal by Alexander Kerfoot - Canadiens : 6 - Capitals : 0.
19:05 of 2nd period - Pavel Zacha wins face-off versus Lars Eller in neutral zone.
19:09 of 2nd period - Kevin Labanc is hit by Lars Eller and loses puck.
19:31 of 2nd period - Minor Penalty to Daniel Sprong for Roughing.
19:32 of 2nd period - Tyler Johnson wins face-off versus Alexander Kerfoot in Canadiens zone.
19:51 of 2nd period - Shot by Tyler Johnson.
19:51 of 2nd period - Shot Misses the Net.
19:53 of 2nd period - Shot by Cody Ceci.
19:53 of 2nd period - Stopped by Elvis Merzlikins without a rebound.
19:54 of 2nd period - Pavel Zacha wins face-off versus Alexander Kerfoot in Canadiens zone.
Goals for this period are 2 for Canadiens vs 0 for Capitals.
Shots for this period are 17 for Canadiens vs 12 for Capitals.

3rd period


0:01 of 3rd period - Tyler Johnson wins face-off versus Alexander Kerfoot in neutral zone.
0:06 of 3rd period - Shot by Brad Hunt.
0:06 of 3rd period - Stopped by Elvis Merzlikins without a rebound.
0:07 of 3rd period - Tyler Johnson wins face-off versus Alexander Kerfoot in Canadiens zone.
0:08 of 3rd period - Shot by Cody Ceci.
0:08 of 3rd period - Stopped by Elvis Merzlikins without a rebound.
0:09 of 3rd period - Tyler Johnson wins face-off versus Alexander Kerfoot in Canadiens zone.
1:07 of 3rd period - Off-side.
1:08 of 3rd period - Alexander Kerfoot wins face-off versus Pavel Zacha in neutral zone.
1:36 of 3rd period - Icing by Brendan Gallagher.
1:37 of 3rd period - Michael Rasmussen wins face-off versus Anthony Mantha in Canadiens zone.
1:50 of 3rd period - Shot by Alex Chiasson.
1:50 of 3rd period - Stopped by Elvis Merzlikins without a rebound.
1:51 of 3rd period - Ryan O'Reilly wins face-off versus Pavel Zacha in Canadiens zone.
1:51 of 3rd period - Ryan O'Reilly is hit by Alex Nylander.
2:03 of 3rd period - Shot by Filip Forsberg.
2:03 of 3rd period - Shot Misses the Net.
2:05 of 3rd period - Shot by Jaccob Slavin.
2:05 of 3rd period - Stopped by Joonas Korpisalo without a rebound.
2:06 of 3rd period - Lars Eller wins face-off versus Kaapo Kakko in Capitals zone.
2:50 of 3rd period - Icing by Daniel Sprong.
2:51 of 3rd period - Pavel Zacha wins face-off versus Lars Eller in Canadiens zone.
2:56 of 3rd period - Shot by Pavel Zacha.
2:56 of 3rd period - Stopped by Elvis Merzlikins without a rebound.
2:57 of 3rd period - Leon Draisaitl wins face-off versus Pavel Zacha in Canadiens zone.
2:57 of 3rd period - Leon Draisaitl is hit by Kevin Labanc.
3:06 of 3rd period - Icing by Jaccob Slavin.
3:07 of 3rd period - Leon Draisaitl wins face-off versus Michael Rasmussen in Canadiens zone.
3:26 of 3rd period - Shot by Morgan Frost.
3:26 of 3rd period - Stopped by Elvis Merzlikins without a rebound.
3:27 of 3rd period - Tyler Johnson wins face-off versus Ryan O'Reilly in Canadiens zone.
3:28 of 3rd period - Shot by David Kampf.
3:28 of 3rd period - Stopped by Elvis Merzlikins without a rebound.
3:29 of 3rd period - Filip Forsberg wins face-off versus Tyler Johnson in Canadiens zone.
3:44 of 3rd period - Shot by Tyler Johnson.
3:44 of 3rd period - Stopped by Elvis Merzlikins with a rebound.
3:46 of 3rd period - Shot by Tyler Johnson.
3:46 of 3rd period - Shot Hit the Post.
3:48 of 3rd period - Shot by Cody Ceci.
3:48 of 3rd period - Shot Blocked by Jaccob Slavin.
3:50 of 3rd period - Shot by Cody Ceci.
3:50 of 3rd period - Stopped by Elvis Merzlikins with a rebound.
5:02 of 3rd period - Ivan Provorov is hit by Kevin Labanc and loses puck.
5:47 of 3rd period - Shot by Leon Draisaitl.
5:47 of 3rd period - Deflect By Teuvo Teravainen.
5:47 of 3rd period - Stopped by Joonas Korpisalo without a rebound.
5:48 of 3rd period - Brendan Gaunce wins face-off versus Tyler Johnson in Capitals zone.
5:57 of 3rd period - Shot by Tyler Johnson.
5:57 of 3rd period - Shot Misses the Net.
6:09 of 3rd period - Shot by David Kampf.
6:09 of 3rd period - Shot Blocked by Pierre-Olivier Joseph.
6:11 of 3rd period - Shot by David Kampf.
6:11 of 3rd period - Shot Blocked by Trevor van Riemsdyk.
6:13 of 3rd period - Shot by Kaapo Kakko.
6:13 of 3rd period - Stopped by Elvis Merzlikins without a rebound.
6:14 of 3rd period - Michael Rasmussen wins face-off versus Leon Draisaitl in Canadiens zone.
6:49 of 3rd period - Michael Rasmussen is hit by Ryan Suter and loses puck.
8:21 of 3rd period - Off-side.
8:22 of 3rd period - Brendan Gaunce wins face-off versus Quinton Byfield in neutral zone.
8:37 of 3rd period - Shot by Anthony Mantha.
8:37 of 3rd period - Shot Blocked by Samuel Bolduc.
8:39 of 3rd period - Shot by Ivan Provorov.
8:39 of 3rd period - Shot Misses the Net.
8:41 of 3rd period - Shot by Brendan Gallagher.
8:41 of 3rd period - Shot Misses the Net.
9:16 of 3rd period - Valeri Nichushkin is hit by Samuel Bolduc and loses puck.
9:41 of 3rd period - Shot by Ryan O'Reilly.
9:41 of 3rd period - Goal by Ryan O'Reilly - Canadiens : 7 - Capitals : 0.
9:42 of 3rd period - Tyler Johnson wins face-off versus Leon Draisaitl in neutral zone.
9:55 of 3rd period - Shot by David Kampf.
9:55 of 3rd period - Shot Blocked by Trevor van Riemsdyk.
10:23 of 3rd period - Shot by Leon Draisaitl.
10:23 of 3rd period - Stopped by Joonas Korpisalo with a rebound.
10:25 of 3rd period - Shot by Teuvo Teravainen.
10:25 of 3rd period - Shot Misses the Net.
11:05 of 3rd period - Shot by Jaccob Slavin.
11:05 of 3rd period - Shot Misses the Net.
11:18 of 3rd period - Icing by Jonas Siegenthaler.
11:19 of 3rd period - Pavel Zacha wins face-off versus Brendan Gaunce in Capitals zone.
11:26 of 3rd period - Shot by Alex Nylander.
11:26 of 3rd period - Stopped by Elvis Merzlikins without a rebound.
11:27 of 3rd period - Michael Rasmussen wins face-off versus Brendan Gaunce in Canadiens zone.
11:28 of 3rd period - Shot by Alex Chiasson.
11:28 of 3rd period - Shot Misses the Net.
11:35 of 3rd period - Minor Penalty to Alex Goligoski for Holding Stick.
11:36 of 3rd period - Alexander Kerfoot wins face-off versus Tyler Johnson in Canadiens zone.
11:44 of 3rd period - Icing by Tyler Johnson.
11:45 of 3rd period - Alexander Kerfoot wins face-off versus Tyler Johnson in Capitals zone.
12:54 of 3rd period - Shot by Kevin Labanc.
12:54 of 3rd period - Stopped by Elvis Merzlikins without a rebound.
12:55 of 3rd period - Lars Eller wins face-off versus Pavel Zacha in Canadiens zone.
13:08 of 3rd period - Valeri Nichushkin is hit by Kevin Labanc and loses puck.
13:21 of 3rd period - Shot by Jonas Siegenthaler.
13:21 of 3rd period - Shot Misses the Net.
13:50 of 3rd period - Shot by Anthony Mantha.
13:50 of 3rd period - Shot Misses the Net.
13:58 of 3rd period - Shot by Anthony Mantha.
13:58 of 3rd period - Shot Misses the Net.
14:00 of 3rd period - Shot by Anthony Mantha.
14:00 of 3rd period - Shot Misses the Net.
14:02 of 3rd period - Shot by Pierre-Olivier Joseph.
14:02 of 3rd period - Stopped by Joonas Korpisalo without a rebound.
14:03 of 3rd period - Tyler Johnson wins face-off versus Leon Draisaitl in Capitals zone.
14:03 of 3rd period - Tyler Johnson is hit by Artturi Lehkonen.
14:14 of 3rd period - Off-side.
14:15 of 3rd period - Matias Maccelli wins face-off versus Ryan O'Reilly in neutral zone.
14:28 of 3rd period - Shot by Filip Forsberg.
14:28 of 3rd period - Goal by Filip Forsberg - Canadiens : 8 - Capitals : 0.
14:29 of 3rd period - Lars Eller wins face-off versus Tyler Johnson in neutral zone.
15:28 of 3rd period - Shot by Teuvo Teravainen.
15:28 of 3rd period - Stopped by Joonas Korpisalo without a rebound.
15:29 of 3rd period - Ryan O'Reilly wins face-off versus Kevin Labanc in Capitals zone.
15:34 of 3rd period - Shot by Valeri Nichushkin.
15:34 of 3rd period - Shot Misses the Net.
15:36 of 3rd period - Shot by Valeri Nichushkin.
15:36 of 3rd period - Stopped by Joonas Korpisalo without a rebound.
15:37 of 3rd period - Pavel Zacha wins face-off versus Leon Draisaitl in Capitals zone.
16:00 of 3rd period - Alex Nylander is hit by Ryan Suter and loses puck.
16:04 of 3rd period - Icing by Artturi Lehkonen.
16:05 of 3rd period - Michael Rasmussen wins face-off versus Artturi Lehkonen in Canadiens zone.
16:20 of 3rd period - Shot by Teuvo Teravainen.
16:20 of 3rd period - Shot Blocked by Michael Rasmussen.
16:22 of 3rd period - Shot by Alex Goligoski.
16:22 of 3rd period - Shot Misses the Net.
16:24 of 3rd period - Shot by Ryan Suter.
16:24 of 3rd period - Shot Blocked by Samuel Bolduc.
16:26 of 3rd period - Shot by Artturi Lehkonen.
16:26 of 3rd period - Stopped by Joonas Korpisalo without a rebound.
16:27 of 3rd period - Tyler Johnson wins face-off versus Ryan O'Reilly in Capitals zone.
16:27 of 3rd period - Tyler Johnson is hit by Filip Forsberg.
16:33 of 3rd period - Shot by Kaapo Kakko.
16:33 of 3rd period - Shot Misses the Net.
17:08 of 3rd period - Off-side.
17:09 of 3rd period - Lars Eller wins face-off versus Pavel Zacha in neutral zone.
17:52 of 3rd period - Shot by Alex Nylander.
17:52 of 3rd period - Deflect By Pavel Zacha.
17:52 of 3rd period - Stopped by Elvis Merzlikins with a rebound.
18:04 of 3rd period - Lars Eller is hit by Alex Chiasson and loses puck.
18:27 of 3rd period - Shot by Alex Chiasson.
18:27 of 3rd period - Stopped by Elvis Merzlikins without a rebound.
18:28 of 3rd period - Valeri Nichushkin wins face-off versus Tyler Johnson in Canadiens zone.
18:44 of 3rd period - Shot by Kaapo Kakko.
18:44 of 3rd period - Goal by Kaapo Kakko - Canadiens : 8 - Capitals : 1.
18:45 of 3rd period - Leon Draisaitl wins face-off versus Quinton Byfield in neutral zone.
18:53 of 3rd period - Off-side.
18:54 of 3rd period - Tyler Johnson wins face-off versus Ryan O'Reilly in neutral zone.
19:26 of 3rd period - Cody Ceci is hit by Valeri Nichushkin.
19:40 of 3rd period - Cody Ceci is hit by Filip Forsberg and loses puck.
Goals for this period are 2 for Canadiens vs 1 for Capitals.
Shots for this period are 9 for Canadiens vs 14 for Capitals.